 Dungeon Crawl Stone Soup version 0.24.0-13-gcf9b3192b9 (console) character file.

Game seed: 183992434728592750, levelgen mode: deterministic

1397 AlterAsc the Geomancer (level 8, -5/41 HPs)
             Began as a Gargoyle Earth Elementalist on Nov 5, 2019.
             Slain by an orc warrior
             ... wielding a +0 scimitar
              (16 damage)
             ... on level 5 of the Dungeon.
             The game lasted 00:15:07 (4312 turns).

AlterAsc the Geomancer (GrEE)                       Turns: 4312, Time: 00:15:07

Health: -5/41      AC:  8    Str: 12    XL:     8   Next: 69%
Magic:  15/15      EV: 12    Int: 18    God:
Gold:   360        SH:  0    Dex: 10    Spells: 6/17 levels left

rFire    . . .     SeeInvis .   o - +6 club
rCold    . . .     Gourm    .   (no shield)
rNeg     + . .     Faith    .   c - +0 robe
rPois    ∞         Spirit   .   (no helmet)
rElec    +         Reflect  .   (no cloak)
rCorr    .         Harm     .   (no gloves)
MR       +....                  (no boots)
Stlth    ++........             j - amulet of rage
HPRegen  0.13/turn              u - ring of protection from magic
MPRegen  0.14/turn              m - +1 ring of protection

@: no status effects
A: negative energy resistance 1, electricity resistance, unbreathing,
petrification resistance, rot immunity, AC +5
a: Evoke Berserk Rage


You were on level 5 of the Dungeon.
You were not hungry.

You visited 1 branch of the dungeon, and saw 6 of its levels.

You collected 360 gold pieces.

Inventory:

Hand Weapons
 a - a +0 dagger
 o - a +6 club (weapon)
Missiles
 b - 212 stones (quivered)
Armour
 c - a +0 robe (worn)
 p - a +3 chain mail
Jewellery
 j - an amulet of rage (around neck)
 l - an uncursed ring of teleportation
 m - a +1 ring of protection (right hand)
 u - a ring of protection from magic (left hand)
Wands
 n - a wand of polymorph (10)
 t - a wand of acid (9)
Scrolls
 e - 2 scrolls of identify
 g - a scroll of random uselessness
 k - 4 scrolls of teleportation
 q - 5 scrolls of remove curse
 s - a scroll of fear
 v - a scroll of blinking
Potions
 f - a potion of mutation {unknown}
 h - a potion of agility
 i - 5 potions of curing {unknown}
 r - a potion of heal wounds {unknown}
 w - a potion of flight {unknown}
Comestibles
 d - 11 rations


   Skills:
 - Level 1.6 Dodging
 - Level 2.3 Stealth
 + Level 5.2 Spellcasting
 + Level 4.7 Conjurations
   Level 0.7 Transmutations
 * Level 9.7 Earth Magic


You had 6 spell levels left.
You knew the following spells:

 Your Spells              Type           Power        Failure   Level  Hunger
a - Sandblast             Erth           #####.       1%          1    None
b - Stone Arrow           Conj/Erth      ####..       1%          3    ##.....
c - Lee's Rapid Deconstr  Erth           #####.....   6%          5    ######.
d - Blink                 Tloc           N/A          21%         2    #......

Your spell library contained the following spells:

 Spells                   Type           Power        Failure   Level  Hunger
 Magic Dart               Conj           ###.         1%          1    None
 Passwall                 Tmut/Erth      ###.....     2%          2    #......
 Beastly Appendage        Tmut           #.....       10%         1    None
 Sticks to Snakes         Tmut           #.......     14%         2    #......
 Conjure Flame            Conj/Fire      ##......     14%         3    ##.....
 Petrify                  Tmut/Erth      ###.....     16%         4    ####...
 Call Imp                 Summ           #.......     21%         2    #......
 Slow                     Hex            #.......     21%         2    #......
 Mephitic Cloud           Conj/Pois/Air  ##......     21%         3    ##.....
 Spider Form              Tmut/Pois      #.........   32%         3    ##.....
 Ice Form                 Ice/Tmut       #.......     73%         4    ####...
 Blade Hands              Tmut           #.........   95%         5    ######.


Dungeon Overview and Level Annotations

Branches:
Dungeon (6/15)
 Temple: D:4-7

Altars:
Cheibriados
Dithmenos
Gozag
Kikubaaqudgha
Nemelex Xobeh
Okawaru
Sif Muna
Wu Jian
Zin
The Shining One


Innate Abilities, Weirdness & Mutations

You are resistant to torment.
Your stone body is resilient. (AC +5)
You are immune to poison.
You resist negative energy. (rN+)
You are resistant to electric shocks. (rElec)
You can survive without breathing.
You are immune to petrification.
You are immune to rotting.


Message History

Casting: Stone Arrow (safe; 1% risk of failure)
Confirm with . or Enter, or press ? or * to list all spells.
Aiming: Sandblast (safe; 1% risk of failure)
Press: ? - help, Shift-Dir - straight line, f - orc warrior
Aim: an orc warrior, wielding a +0 scimitar and wearing a +0 chain mail The blast of sand hits the orc warrior but does no damage.
b - 213 stones The orc warrior barely misses you.
Casting: Sandblast (safe; 1% risk of failure)
Confirm with . or Enter, or press ? or * to list all spells.
Aiming: Sandblast (safe; 1% risk of failure)
Press: ? - help, Shift-Dir - straight line, f/p - orc warrior
Aim: an orc warrior, wielding a +0 scimitar and wearing a +0 chain mail The blast of sand hits the orc warrior but does no damage.
b - 212 stones The orc warrior hits you with a +0 scimitar!
* * * LOW HITPOINT WARNING * * *
There is a stone staircase leading up here.
The orc warrior hits you with a +0 scimitar!
You die...

.....#
##....#........##
.....#
##.............#
...###
#..............
#.##
##..............
..#
##.<.............
.##
#................
.##
##...............)
..#
#.o...............
.##
#@................
##
##................
##................
#..#..............
#####
#.###......###...#
....############.#
##.....#_#..##
................##
###...#.#####
....######......#
###..#..# #.
......# ####...#
##...##..###.


You could see an orc warrior.

Vanquished Creatures
  Grinder (D:5)
  An orc warrior (D:6)
  4 ogres
  A bullfrog (D:6)
  2 scorpions
  4 killer bees (D:6)
  3 crimson imps
  A jelly (D:5)
  An orc priest (D:6)
  Jessica (D:2)
  An iguana (D:4)
  2 worker ants (D:4)
  2 hound skeletons
  3 adders
  3 oozes
  An adder skeleton (D:4)
  An adder zombie (D:5)
  4 worms
  2 dart slugs
  4 leopard geckos
  14 orcs
  3 giant cockroaches
  9 goblins
  6 hobgoblins
  5 jackals (D:2)
  5 quokkas
  3 ball pythons
  7 bats
  8 frilled lizards
  7 kobolds
  10 rats
119 creatures vanquished.

Notes
Turn   | Place    | Note
-------+----------+-------------------------------------------
     0 | D:1      | AlterAsc the Gargoyle Earth Elementalist began the quest
                  | for the Orb.
     0 | D:1      | Reached XP level 1. HP: 10/10 MP: 3/3
   400 | D:1      | Reached XP level 2. HP: 10/15 MP: 3/5
   426 | D:1      | Reached skill level 4 in Earth Magic
   578 | D:1      | Reached XP level 3. HP: 18/19 MP: 4/6
   857 | D:2      | Learned a level 3 spell: Stone Arrow
   923 | D:2      | Found a snail-covered altar of Cheibriados.
  1030 | D:2      | Reached skill level 5 in Earth Magic
  1147 | D:2      | Found an ornate altar of the Wu Jian Council.
  1194 | D:2      | Reached XP level 4. HP: 21/24 MP: 5/8
  1227 | D:2      | Found an iron altar of Okawaru.
  1398 | D:2      | Found a glowing golden altar of the Shining One.
  1482 | D:2      | Noticed Jessica
  1487 | D:2      | Killed Jessica
  1487 | D:2      | Reached XP level 5. HP: 28/28 MP: 4/9
  1558 | D:2      | Found a sparkling altar of Nemelex Xobeh.
  1698 | D:3      | Noticed an ogre
  1724 | D:3      | Killed an ogre
  1724 | D:3      | Reached skill level 1 in Conjurations
  1724 | D:3      | Reached skill level 6 in Earth Magic
  1739 | D:3      | Reached XP level 6. HP: 32/32 MP: 1/11
  2136 | D:4      | Reached skill level 7 in Earth Magic
  2182 | D:4      | Learned a level 5 spell: Lee's Rapid Deconstruction
  2198 | D:4      | Reached XP level 7. HP: 36/36 MP: 3/12
  2387 | D:4      | Learned a level 2 spell: Blink
  2808 | D:5      | Entered Level 5 of the Dungeon
  2810 | D:5      | Reached skill level 8 in Earth Magic
  3121 | D:5      | Noticed Grinder
  3131 | D:5      | Killed Grinder
  3131 | D:5      | Reached XP level 8. HP: 32/41 MP: 5/14
  3496 | D:5      | Found a shimmering blue altar of Sif Muna.
  3498 | D:5      | Found an ancient bone altar of Kikubaaqudgha.
  3499 | D:5      | Found an opulent altar of Gozag.
  3523 | D:5      | Found a shadowy altar of Dithmenos.
  3523 | D:5      | Found a glowing silver altar of Zin.
  3550 | D:5      | Found a sand-covered staircase.
  3769 | D:6      | Reached skill level 9 in Earth Magic
  3782 | D:6      | Reached skill level 5 in Spellcasting
  4312 | D:5      | Slain by an orc warrior

Levels and vault maps discovered:
D:1:      tarquinn_simple_flora_water_b, layout_basic
D:2:      layout_rooms, okawaru_altar_gauntlet_db,
          lemuel_coloured_pillars_altar, lemuel_round_altar, tso_metal_star,
          nemelex_dance_club_becter, uniq_jessica
D:3:      layout_basic
D:4:      layout_basic, first_ration
D:5:      layout_cave_pods, minmay_overflow_temple_star_hex,
          nicolae_ossuary_entry_ruins, skrybe_limestone_x, uniq_grinder
D:6:      layout_rooms, basic_altar

Skill      XL: |  1  2  3  4  5  6  7  8 |
---------------+-------------------------+-----
Earth Magic    | 4 5 6 7 8 9 |  9.7
Spellcasting   | 3 4 5 |  5.2
Conjurations   | 1 2 3 4 |  4.7
Dodging        | |  1.6
Stealth        | |  2.3
Transmutations | |  0.7

Action                   |  1- 3 |  4- 6 |  7- 9 || total
-------------------------+-------+-------+-------++-------
Melee: Dagger            |    74 |    10 |       ||    84
       Unarmed           |     2 |       |       ||     2
       Club              |       |    25 |    14 ||    39
 Cast: Sandblast         |    35 |    55 |    60 ||   150
       Stone Arrow       |       |     2 |     2 ||     4
       Lee's Rapid Decon |       |       |     2 ||     2
  Use: Scroll            |       |     5 |     3 ||     8
 Stab: Sleeping          |     3 |     1 |     1 ||     5
       Distracted        |       |     1 |       ||     1
  Eat: Chunk             |     1 |     4 |     4 ||     9
       Ration            |       |       |     1 ||     1
Armor: Robe              |    32 |    23 |    26 ||    81
Dodge: Dodged            |    48 |    37 |    51 ||   136
